 Dungeon Crawl Stone Soup version 0.30-a0-989-g0d87f670db (webtiles) character file.

Game seed: 11589354336654478662

49 DeathPants the Trooper (level 3, -1/20 HPs)
             Began as a Vine Stalker Fighter on Apr 2, 2023.
             Slain by Crazy Yiuf
             ... wielding a +4 quarterstaff of chaos
              (9 damage)
             ... on level 2 of the Dungeon.
             The game lasted 00:04:00 (1161 turns).

DeathPants the Trooper (Vine Stalker Fighter)       Turns: 1161, Time: 00:04:00

Health: -1/20      AC: 15    Str: 18    XL:     3   Next: 77%
Magic:  0/4        EV:  7    Int: 16    God:
Gold:   106        SH:  0    Dex: 13    Spells: 2/2 levels left

rFire   . . .      SeeInvis .    a - +0 war axe
rCold   . . .      Faith    .    (no shield)
rNeg    . . .      Spirit   +    n - +6 chain mail "Qusa Gae" {+Inv}
rPois   .          Reflect  .    (no helmet)
rElec   .          Rampage  .    (no cloak)
rCorr   .                        e - +0 pair of gloves
Will    .....                    (no boots) Stlth
                                 (no amulet)
HPRegen 0.23/turn                g - +6 ring of intelligence
MPRegen 0.09/turn                (no ring)

@: hasted, very quick
A: fangs 2, magic shield, antimagic bite, no potion heal 2
a: Evoke Invisibility


You were on level 2 of the Dungeon.
You visited 1 branch of the dungeon, and saw 3 of its levels.

You collected 106 gold pieces.

Inventory:

Hand Weapons
 a - a +0 war axe (weapon)
Missiles
 l - 2 atropa-tipped darts (quivered)
Armour
 b - a +0 scale mail
 c - a +0 buckler
 e - a +0 pair of gloves (worn)
 n - the +6 chain mail "Qusa Gae" (worn) {+Inv}
   (You found it on level 2 of the Dungeon)

   +Inv:      It lets you turn invisible.
Jewellery
 g - a +6 ring of intelligence (left hand)
Scrolls
 f - a scroll of enchant armour {unknown}
 i - 2 scrolls of identify {unknown}
 j - a scroll of blinking {unknown}
 m - a scroll of brand weapon {unknown}
Potions
 d - 2 potions of might
 h - a potion of attraction {unknown}
 k - a potion of lignification {unknown}


   Skills:
 + Level 3.2 Fighting
 * Level 3.1 Axes
 - Level 2.4 Armour
 - Level 2.6 Shields


You had 2 spell levels left.
You didn't know any spells.
Your spell library contained the following spells:

 Spells                   Type           Power      Damage    Failure   Level
 Lesser Beckoning         Tloc           0%         N/A       99%         2
 Gell's Gravitas          Tloc           0%         N/A       100%        3
 Teleport Other           Tloc           0%         N/A       100%        3


Dungeon Overview and Level Annotations

Branches:
Dungeon (3/15)

Altars:

Annotations:
D:2 Crazy Yiuf


Innate Abilities, Weirdness & Mutations

You have extremely sharp teeth.
When hurt, damage is shared between your health and your magic reserves.
Your bite disrupts and absorbs the magic of your enemies.
Potions cannot restore your health.


Message History

The goblin hits you but does no damage.
You closely miss the goblin. Your bite misses the goblin.
The goblin hits you but does no damage.
You hit the goblin.
You kill the goblin!
Things that are here:
a +0 dagger; a goblin corpse You see here the +6 chain mail "Qusa Gae" {+Inv}.
n - the +6 chain mail "Qusa Gae" {+Inv} You start removing your armour.
You continue taking off your +0 scale mail. x4
You finish taking off your +0 scale mail.
You start putting on your armour.
You continue putting on the +6 chain mail "Qusa Gae" {+Inv}. x5
You finish putting on the +6 chain mail "Qusa Gae" {+Inv}.
Things that are here:
a +0 dagger; a goblin corpse
There is an escape hatch in the floor here.
Found a stone staircase leading down.
You now have 106 gold pieces (gained 9).
You see here a rat skeleton.
You see here 6 stones.
Found 3 stones.
Found a hand axe.
Found a stone.
You see here a stone.
Found three hammers.
You see here a +2 hammer of holy wrath.
You see here a +0 hammer.
Found a hammer.
Found a runed translucent door.
You open the door. You closely miss Crazy Yiuf.
Crazy Yiuf laughs, "Cake!
Castle ena wrapper."
Crazy Yiuf hits you with a +4 quarterstaff of chaos!
Ouch! That really hurt!
You feel yourself speed up.
You hit Crazy Yiuf. Your bite misses Crazy Yiuf.
Crazy Yiuf is lightly wounded.
Crazy Yiuf hits you with a +4 quarterstaff of chaos!
You die...

#.)))###.#
##..## #.#
#....# #(#
##...# #.##
##.## #..#
##.# ##.#
#.## #.#
##.# #.#
#@## #.#
#g#
##.#####
...
#...)..#
#...#
#......###
#)..#
#........#
#####
#....(...#
#........#
#
#........#
#
#.........#
#


You could see Crazy Yiuf.

Vanquished Creatures
  A worm (D:2)
  4 endoplasms
  2 giant cockroaches (D:1)
  8 goblins
  4 hobgoblins
  5 kobolds
  2 ball pythons (D:1)
  6 bats
  3 frilled lizards (D:2)
  8 rats
43 creatures vanquished.

Notes
Turn   | Place    | Note
-------+----------+-------------------------------------------
     0 | D:1      | DeathPants the Vine Stalker Fighter began the quest for the
                  | Orb.
     0 | D:1      | Reached XP level 1. HP: 11/11 MP: 2/2
   122 | D:1      | Reached XP level 2. HP: 15/16 MP: 3/3
   398 | D:1      | Reached XP level 3. HP: 20/20 MP: 2/4
  1042 | D:2      | Identified the +6 chain mail "Qusa Gae" {+Inv}
  1155 | D:2      | Found a runed translucent door.
  1156 | D:2      | Noticed Crazy Yiuf
  1161 | D:2      | Slain by Crazy Yiuf

Illustrated notes

Levels and vault maps discovered:
D:1:      ebering_trefoil_3fold, layout_basic
D:2:      layout_rooms, minmay_misc_feat_enclosed, st_stairs_7,
          reono_crystal_passage, minmay_misc_feat_hallway,
          uniq_crazy_yiuf_cottage
D:3:      layout_loops_ring, gammafunk_ghost_cemetery,
          hellmonk_ecumenical_altar_watching_god, kennysheep_generic_room_5,
          uniq_ijyb

Skill      XL: |  1  2  3 |
---------------+----------+-----
Axes           | 2 3 |  3.1
Fighting       | 3 |  3.2
Armour         | |  2.4
Shields        | |  2.6

Action                     || total
---------------------------++-------
  Melee: War axe           ||    92
         Bite              ||    15
 Armour: Scale mail        ||    52
  Dodge: Dodged            ||    59

Table legend: (Time is in decaauts)
 A = Elapsed time spent in this place.
 B = Non-inter-level travel time spent in this place.
 C = Inter-level travel time spent in this place.
 D = Time resting spent in this place.
 E = Time spent auto-exploring this place.
 F = Levels seen in this place.
 G = Mean time per level.
                   A        B        C        D        E       F      G
               +--------+--------+--------+--------+--------+-----+--------+
         Total |   1194 |   1161 |     33 |      0 |    730 |   3 |  398.0 |
       Dungeon |   1194 |   1161 |     33 |      0 |    730 |   3 |  398.0 |
               +--------+--------+--------+--------+--------+-----+--------+

Top non-repeatable levels by time:
     D:1: 761 daAuts
     D:2: 431 daAuts
     D:3: 1 daAuts
